 Dungeon Crawl Stone Soup version 0.28.0 (webtiles) character file.

Game seed: 11029147677786401988

132 danielguo94 the Covered (level 5, -9/33 HPs)
             Began as a Gargoyle Fighter on Feb 6, 2022.
             Mangled by an ogre (26 damage)
             ... on level 4 of the Dungeon.
             The game lasted 00:05:22 (3597 turns).

danielguo94 the Covered (Gargoyle Fighter)          Turns: 3597, Time: 00:05:22

Health: -9/33      AC: 15    Str: 22    XL:     5   Next: 15%
Magic:  5/5        EV:  7    Int:  8    God:
Gold:   47         SH:  4    Dex:  9    Spells: 4/4 levels left

rFire   . . .      SeeInvis .   a - +0 flail
rCold   . . .      Faith    .   c - +0 buckler
rNeg    + . .      Spirit   .   g - +0 chain mail
rPois   ∞          Reflect  .   q - +0 helmet
rElec   +          Harm     .   (no cloak)
rCorr   .          Rampage  .   v - +0 pair of gloves
Will    .....                   (no boots)
Stlth   ..........              (no amulet)
HPRegen 0.11/turn               (no ring)
MPRegen 0.09/turn               (no ring)

@: no status effects
A: sickness immunity, AC +4, negative energy resistance 1, electricity
resistance, torment resistance 1, petrification resistance
a: no special abilities


You were on level 4 of the Dungeon.
You visited 1 branch of the dungeon, and saw 4 of its levels.
You also visited: Sewer.

You collected 47 gold pieces.

Inventory:

Hand Weapons
 a - a +0 flail (weapon)
Missiles
 e - 3 boomerangs (quivered)
 h - 128 stones
 k - 4 poisoned darts
 w - 4 atropa-tipped darts
Armour
 c - a +0 buckler (worn)
 g - a +0 chain mail (worn)
 q - a +0 helmet (worn)
 v - a +0 pair of gloves (worn)
Jewellery
 f - an amulet of faith
 m - a ring of fire
Scrolls
 i - a scroll of immolation
 j - 2 scrolls of teleportation
 l - a scroll of amnesia {unknown}
 o - a scroll of blinking {unknown}
 s - 3 scrolls of enchant armour
 u - a scroll of enchant weapon {unknown}
 x - a scroll of acquirement {unknown}
Potions
 b - 4 potions of attraction
 d - a potion of might
 p - a potion of resistance {unknown}
 t - a potion of mutation {unknown}


   Skills:
 + Level 4.0 Fighting
 * Level 3.6 Maces & Flails
 + Level 4.1 Armour
 + Level 0.3 Dodging
 + Level 3.6 Shields


You had 4 spell levels left.
You didn't know any spells.
Your spell library contained the following spells:

 Spells                   Type           Power      Damage    Failure   Level
 Freeze                   Ice            0%         1d3       99%         1
 Magic Dart               Conj           0%         1d3       99%         1
 Sandblast                Erth           0%         2d4       99%         1
 Passwall                 Tmut/Erth      0%         N/A       100%        2
 Searing Ray              Conj           0%         2d4       100%        2
 Frozen Ramparts          Ice            0%         1d2       100%        3
 Stone Arrow              Conj/Erth      0%         3d7       100%        3
 Fulminant Prism          Conj/Hex       0%         3d6       100%        4
 Hailstorm                Conj/Ice       0%         3d3       100%        4


Dungeon Overview and Level Annotations

Branches:
Dungeon (4/15)              Sewer (visited)
 Temple: D:4-7

Altars:


Innate Abilities, Weirdness & Mutations

You are immune to sickness and miasma.
Your stone body is resilient. (AC +4)
You are immune to poison.
You resist negative energy. (rN+)
You are resistant to electric shocks. (rElec)
You are resistant to unholy torment.
You are immune to petrification.


Message History

As you read the scroll of identify, it crumbles to dust.
b - 4 potions of attraction
Okay, then.
Unknown command.
You drop 5 scrolls of noise.
As you read the scroll of identify, it crumbles to dust.
n - 3 potions of brilliance
As you read the scroll of identify, it crumbles to dust.
j - 2 scrolls of teleportation You drop 3 potions of brilliance.
Unknown command.
As you read the scroll of identify, it crumbles to dust.
i - a scroll of immolation Done exploring.
Done exploring.
Done exploring.
There is a stone staircase leading down here.
Okay, then.
Unknown command.
Unknown command.
Unknown command.
Unknown command.
You climb downwards.
Found a scroll labelled YXZOUM FEPH.
There is a stone staircase leading up here.
l - a scroll labelled YXZOUM FEPH No target in view!
There is a stone staircase leading up here.
Found 20 bolts.
Found 22 sling bullets.
An ogre comes into view. It is wielding a +0 giant club.
The ogre shouts!
You sock the ogre!
The ogre is heavily wounded.
The ogre hits you with a +0 giant club!
You sock the ogre!
The ogre is almost dead.
The ogre hits you with a +0 giant club!!
Ouch! That really hurt!
You die...

#.### #<#(#
#.#.. #.#.#
#######.#.#
#.......#.#
#.......#.# #
#.(.......#.#
#........@O.#
#......######
#.......
#......#
#......#
#######


You could see an ogre.

Vanquished Creatures
  A gnoll (D:1)
  An adder (Sewer)
  3 river rats
  A worm (D:2)
  2 dart slugs (D:1)
  9 ball pythons
  2 endoplasms (D:1)
  2 giant cockroaches
  10 goblins
  10 hobgoblins
  4 jackals (D:2)
  7 kobolds
  4 quokkas
  8 bats
  6 frilled lizards
  4 rats
74 creatures vanquished.

Notes
Turn   | Place    | Note
-------+----------+-------------------------------------------
     0 | D:1      | danielguo94 the Gargoyle Fighter began the quest for the
                  | Orb.
     0 | D:1      | Reached XP level 1. HP: 14/14 MP: 1/1
   131 | D:1      | Reached XP level 2. HP: 15/19 MP: 2/2
   524 | D:1      | Reached XP level 3. HP: 19/24 MP: 3/3
   849 | D:1      | Found a faded altar of an unknown god.
  1469 | D:2      | Reached XP level 4. HP: 29/29 MP: 4/4
  2308 | D:3      | Found a glowing drain.
  2326 | Sewer    | Entered a sewer
  2543 | Sewer    | Reached XP level 5. HP: 20/33 MP: 5/5
  3595 | D:4      | Noticed an ogre
  3597 | D:4      | Mangled by an ogre

Illustrated notes

Levels and vault maps discovered:
D:1:      kennysheep_arrival_seaside, layout_basic,
          dreamdust_ecumenical_altar_angels_and_demons, minmay_tiny_reverse_x
D:2:      kennysheep_the_goblin_king, layout_rooms, chequers_big_river
D:3:      layout_basic, cheibrodos_sewer_entry_sluice
D:4:      layout_basic

Skill      XL: |  1  2  3  4 |
---------------+-------------+-----
Maces & Flails | 3 |  3.6
Armour         | 4 |  4.1
Fighting       | 4 |  4.0
Dodging        | |  0.3
Shields        | |  3.6

Action                   |  1- 3 |  4- 6 || total
-------------------------+-------+-------++-------
Melee: Flail             |   136 |   139 ||   275
  Use: Scroll            |       |     6 ||     6
Armor: Scale mail        |     9 |       ||     9
       Chain mail        |    81 |   105 ||   186
Dodge: Dodged            |    57 |    46 ||   103
Block: Buckler           |    34 |    44 ||    78
